 Dungeon Crawl Stone Soup version 0.30-a0-840-ga523dec638 (webtiles) character file.

Game seed: 7045009176784649088

287 bande the Covered (level 6, -4/38 HPs)
             Began as a Gargoyle Fighter on Mar 2, 2023.
             Slain by a gnoll
             ... wielding a +0 halberd
             ... led by a gnoll bouda
              (10 damage)
             ... on level 4 of the Dungeon.
             The game lasted 00:04:16 (2608 turns).

bande the Covered (Gargoyle Fighter)                Turns: 2608, Time: 00:04:17

Health: -4/38      AC: 14    Str: 20    XL:     6   Next: 30%
Magic:  6/6        EV:  7    Int:  8    God:
Gold:   90         SH:  4    Dex: 11    Spells: 5/5 levels left

rFire   + . .      SeeInvis .    a - +0 trident
rCold   . . .      Faith    .    c - +0 buckler
rNeg    + . .      Spirit   .    p - +0 chain mail {rPois}
rPois   ∞          Reflect  .    (no helmet)
rElec   +          Harm     .    (no cloak)
rCorr   .          Rampage  .    (no gloves)
Will    .....                    (no boots) Stlth
                                 (no amulet)
HPRegen 0.26/turn                h - ring of protection from fire
MPRegen 0.10/turn                (no ring)

@: no status effects
A: sickness immunity, AC +4, negative energy resistance 1, electricity
resistance, torment resistance 1, petrification resistance
a: no special abilities


You were on level 4 of the Dungeon.
You visited 2 branches of the dungeon, and saw 5 of its levels.

You collected 90 gold pieces.

Inventory:

Hand Weapons
 a - a +0 trident (weapon)
 v - a +0 flail
Armour
 c - a +0 buckler (worn)
 p - a +0 chain mail of poison resistance (worn)
Jewellery
 h - a ring of protection from fire (left hand)
 o - a ring of ice
Scrolls
 b - a scroll of teleportation {unknown}
 e - 2 scrolls of immolation {unknown}
 g - 2 scrolls of blinking {unknown}
 l - a scroll of enchant armour {unknown}
 m - a scroll of noise {unknown}
 n - a scroll of vulnerability {unknown}
 r - a scroll of fear {unknown}
 t - a scroll of summoning {unknown}
 u - 2 scrolls of identify {unknown}
 w - 2 scrolls of magic mapping {unknown}
 x - a scroll of enchant weapon {unknown}
Potions
 d - a potion of might
 f - 2 potions of resistance {unknown}
 i - a potion of brilliance {unknown}
 j - a potion of attraction {unknown}
 k - 3 potions of curing
 q - 3 potions of flight {unknown}
 s - a potion of lignification {unknown}
 z - a potion of invisibility {unknown}


   Skills:
 + Level 4.2 Fighting
 + Level 4.2 Polearms
 + Level 4.4 Armour
 + Level 4.2 Shields


You had 5 spell levels left.
You didn't know any spells.
Your spell library was empty.

Dungeon Overview and Level Annotations

Branches:
Dungeon (4/15)             Temple (1/1) D:4

Altars:
Ashenzari
Cheibriados
Dithmenos
Elyvilon
Fedhas
Gozag
Hepliaklqana
Makhleb
Nemelex Xobeh
Qazlal
Ru
Sif Muna
Trog
Uskayaw
Vehumet
Wu Jian
Xom
Zin
The Shining One


Innate Abilities, Weirdness & Mutations

You are immune to sickness and miasma.
Your stone body is resilient. (AC +4)
You are immune to poison.
You resist negative energy. (rN+)
You are resistant to electric shocks. (rElec)
You are resistant to unholy torment.
You are immune to petrification.


Message History

You barely miss the gnoll.
The gnoll is lightly wounded.
The gnoll hits you with a +0 club.
You closely miss the gnoll.
The gnoll is lightly wounded.
The gnoll hits you but does no damage.
You closely miss the gnoll.
The gnoll is lightly wounded.
The gnoll hits you with a +0 club.
You hit the gnoll but do no damage.
The gnoll is lightly wounded.
The gnoll hits you from afar with a +0 halberd.
You closely miss the gnoll.
The gnoll is lightly wounded.
The gnoll hits you from afar with a +0 halberd!
The gnoll closely misses you.
You barely miss the gnoll.
The gnoll is lightly wounded.
The gnoll hits you with a +0 club.
The gnoll hits you but does no damage. x2
The gnoll hits you from afar with a +0 halberd.
You puncture the gnoll!
The gnoll is severely wounded.
The gnoll hits you with a +0 club.
The gnoll hits you from afar with a +0 halberd!
* * * LOW HITPOINT WARNING * * *
You are too injured to fight recklessly!
You are too injured to fight recklessly!
You are too injured to fight recklessly!
You are too injured to fight recklessly!
You are too injured to fight recklessly!
You are too injured to fight recklessly!
You hit the gnoll but do no damage.
The gnoll is severely wounded.
You block the gnoll's attack.
The gnoll hits you from afar with a +0 halberd.
* * * LOW HITPOINT WARNING * * *
The gnoll hits you with a +0 club.
* * * LOW HITPOINT WARNING * * *
The gnoll hits you with a +0 halberd!
You die...

.## ... #.##....
.. ..# . ..#...##.
### ##. ....... #
#.. ..... # #.#
... #.# #.# #.#
###g###
#.####...@g#
####.##..##.##..#
#....#.####+# #.#
#.##........[. ..
#####.#########+##
# .............
##########.##


You could see 2 gnolls.

Vanquished Creatures
  A kobold brigand (D:3)
  A scorpion (D:4)
  A hound (D:4)
  4 gnolls (D:4)
  3 adders
  A worm (D:2)
  2 dart slugs
  An orc (D:3)
  4 endoplasms
  2 giant cockroaches (D:1)
  3 goblins
  7 hobgoblins
  3 jackals (D:3)
  13 kobolds
  2 quokkas (D:3)
  2 ball pythons (D:1)
  6 bats
  4 frilled lizards
60 creatures vanquished.

Notes
Turn   | Place    | Note
-------+----------+-------------------------------------------
     0 | D:1      | bande the Gargoyle Fighter began the quest for the Orb.
     0 | D:1      | Reached XP level 1. HP: 14/14 MP: 1/1
   104 | D:1      | Reached XP level 2. HP: 19/19 MP: 2/2
   715 | D:2      | Reached XP level 3. HP: 22/23 MP: 3/3
   960 | D:2      | Found a faded altar of an unknown god.
  1210 | D:3      | Reached XP level 4. HP: 21/29 MP: 4/4
  1339 | D:3      | Noticed a kobold brigand
  1372 | D:3      | Killed a kobold brigand
  1373 | D:3      | Reached XP level 5. HP: 16/33 MP: 5/5
  1759 | D:4      | Reached XP level 6. HP: 15/38 MP: 6/6
  2159 | D:4      | Found a staircase to the Ecumenical Temple.
  2189 | Temple   | Entered the Ecumenical Temple
  2608 | D:4      | Slain by a gnoll

Illustrated notes

Levels and vault maps discovered:
D:1:      dpeg_arrival_court, layout_basic
D:2:      layout_rooms, chequers_ecumenical_altar_island, grunt_decor_fettered
D:3:      cheibrodos_thug_alley, layout_loops_ring,
          mainiacjoe_overflow_concentric_impassable,
          amcnicky_mini_corridor_feature, hangedman_feature_mirror,
          kennysheep_generic_room_12
D:4:      minmay_polygon_palace, layout_rooms,
          minmay_temple_entry_statues_fountains, corexii_hall_statues_deadend,
          dreamdust_princess_bridge, solitary_fountain, interstate_on_off
Temple:   nicolae_temple_bog_church

Skill      XL: |  1  2  3  4  5 |
---------------+----------------+-----
Polearms       | 2 3 4 |  4.2
Fighting       | 4 |  4.2
Armour         | 4 |  4.4
Shields        | 4 |  4.2

Action                     |  1- 3 |  4- 6 || total
---------------------------+-------+-------++-------
  Melee: Trident           |   112 |   157 ||   269
 Armour: Scale mail        |    52 |       ||    52
         Chain mail        |     3 |   127 ||   130
  Dodge: Dodged            |    50 |    78 ||   128
  Block: Buckler           |    19 |    37 ||    56

Table legend: (Time is in decaauts)
 A = Elapsed time spent in this place.
 B = Non-inter-level travel time spent in this place.
 C = Inter-level travel time spent in this place.
 D = Time resting spent in this place.
 E = Time spent auto-exploring this place.
 F = Levels seen in this place.
 G = Mean time per level.
                   A        B        C        D        E       F      G
               +--------+--------+--------+--------+--------+-----+--------+
         Total |   2674 |   2656 |     18 |    621 |   1406 |   5 |  534.8 |
       Dungeon |   2296 |   2278 |     18 |    446 |   1253 |   4 |  574.0 |
        Temple |    378 |    378 |      0 |    175 |    152 |   1 |  378.0 |
               +--------+--------+--------+--------+--------+-----+--------+

Top non-repeatable levels by time:
     D:1: 686 daAuts
     D:3: 609 daAuts
     D:4: 509 daAuts
     D:2: 491 daAuts
  Temple: 378 daAuts
